 Dungeon Crawl Stone Soup version 0.29-a0-823-gc37b1572da (webtiles) character file.

Game seed: 16623969964840846980

1284 jimonade the Magician (level 8, 0/58 HPs)
             Began as a Djinni Fire Elementalist on July 9, 2022.
             Was an Initiate of Makhleb.
             Slain by a wight
             ... wielding a +0 war axe
              (13 damage)
             ... on level 5 of the Dungeon.
             The game lasted 00:16:34 (7088 turns).

jimonade the Magician (Djinni Fire Elementalist)    Turns: 7088, Time: 00:16:38

Health: 0/58       AC:  3    Str:  9    XL:     8   Next: 85%
Gold:   231        EV: 13    Int: 24    God:    Makhleb [......] SH:  0 Dex: 13

rFire   + + .      SeeInvis .   a - staff of earth
rCold   x . .      Faith    .   f - orb {light}
rNeg    . . .      Spirit   .   D - +0 robe
rPois   ∞          Reflect  .   (no helmet)
rElec   .          Harm     .   (no cloak)
rCorr   .          Rampage  .   J - +0 pair of gloves
Will    .....                   (boots unavailable)
Stlth   +.........              (no amulet)
HPRegen 0.19/turn               A - +6 ring of intelligence
MPRegen 0.00/turn               (no ring)

@: flying, very slightly contaminated, glowing
A: sickness immunity, fire resistance 2, cold vulnerability 1, float, innate
caster, HP casting, extra vitality 1
a: Renounce Religion


You were on level 5 of the Dungeon.
You worshipped Makhleb.
Makhleb was noncommittal.
You visited 1 branch of the dungeon, and saw 6 of its levels.

You collected 231 gold pieces.

Inventory:

Hand Weapons
 b - a +3 short sword
 g - a +2 dagger of venom
 q - a +0 sling
 L - a +0 shortbow
Missiles
 c - 44 stones
 m - 5 javelins
 H - 5 poisoned darts
 I - 5 curare-tipped darts
Armour
 f - an orb of light (worn)
 k - a +0 ring mail
 u - a +0 chain mail
 D - a +0 robe (worn)
 J - a +0 pair of gloves (worn)
 K - a +0 leather armour
Magical Staves
 a - a staff of earth (weapon)
Jewellery
 A - a +6 ring of intelligence (left hand)
 G - a ring of resist corrosion
Scrolls
 d - 3 scrolls of teleportation {unknown}
 h - 2 scrolls of enchant weapon {unknown}
 n - 2 scrolls of fear {unknown}
 o - a scroll of fog {unknown}
 p - a scroll of acquirement {unknown}
 w - a scroll of poison {unknown}
 y - a scroll of blinking {unknown}
 B - 2 scrolls of enchant armour {unknown}
 C - a scroll of identify {unknown}
 E - 2 scrolls of vulnerability {unknown}
Potions
 e - 2 potions of mutation {unknown}
 i - a potion of brilliance {unknown}
 j - a potion of resistance {unknown}
 l - 2 potions of degeneration {unknown}
 r - 5 potions of curing
 s - 2 potions of flight {unknown}
 t - a potion of might {unknown}
 v - a potion of lignification {unknown}
 x - a potion of haste {unknown}
 z - 4 potions of heal wounds {unknown}
 F - a potion of attraction {unknown}


   Skills:
 * Level 4.2 Fighting
 + Level 3.4 Dodging
 - Level 1.5 Stealth
 + Level 7.1 Spellcasting


You had 2 spell levels left.
You knew the following spells:

 Your Spells              Type           Power      Damage    Failure   Level
a - Foxfire               Conj/Fire      100%       2x1d9     1%          1
b - Scorch                Fire           84%        2d9       1%          2
c - Conjure Flame         Conj/Fire      42%        6-21      1%          3
d - Inner Flame           Hex/Fire       42%        N/A       1%          3
e - Flame Wave            Conj/Fire      42%        2d9       3%          4
f - Shock                 Conj/Air       100%       1d9       1%          1
g - Static Discharge      Conj/Air       42%        3-9/arc   1%          2
h - Stone Arrow           Conj/Erth      100%       3d13      1%          3
Your spell library was empty.

Dungeon Overview and Level Annotations

Branches:
Dungeon (6/15)             Temple (0/1) D:4

Altars:
Makhleb
Nemelex Xobeh
Xom

Shops:
D:6 *

Annotations:
D:5 Edmund


Innate Abilities, Weirdness & Mutations

You are immune to sickness and miasma.
You are immune to poison.
Your flesh is very heat resistant. (rF++)
You are vulnerable to cold. (rC-)
You float through the air rather than walking.
You learn spells naturally, not from books.
Your magical power is your life essence.
You have superior vitality. (+4 MHP)


Message History

Confirm with . or Enter, or press ? or * to list all spells.
Casting: Flame Wave (dangerous; 3% risk of failure)
Press: ? - help, Dir - look around, f - activate You miscast Flame Wave.
You are very lightly contaminated with residual magic.
Nothing appears to happen.
Edmund hits you with a +6 dire flail of protection!
The wight hits you with a +0 war axe!
* * * LOW HITPOINT WARNING * * *
Edmund closely misses you.
You fly upwards.
There is a stone staircase leading down here.
Okay, then.
Unknown command.
Casting: Flame Wave (dangerous; 3% risk of failure)
Confirm with . or Enter, or press ? or * to list all spells.
Okay, then.
Unknown command.
Casting: Flame Wave (dangerous; 3% risk of failure)
Confirm with . or Enter, or press ? or * to list all spells.
Aiming: Inner Flame (safe; 1% risk of failure)
Press: ? - help, Dir - move target, f - wight
Aim: a wight, wielding a +0 war axe and wearing a +0 robe (moderately damaged, more vulnerable to fire, haloed, chance to affect: 90%)
Okay, then.
Unknown command.
Casting: Inner Flame (safe; 1% risk of failure)
Confirm with . or Enter, or press ? or * to list all spells.
Casting: Flame Wave (dangerous; 3% risk of failure)
Press: ? - help, Dir - look around, f - activate A wave of flame ripples out!
The flame wave engulfs Edmund!
Flame seeps out of Edmund.
Edmund is lightly wounded.
The flame wave engulfs the wight.
The wight is burned terribly!
The wight is heavily damaged. (Press . to intensify the flame waves.)
* * * LOW HITPOINT WARNING * * *
The wight is no longer more vulnerable to fire.
Edmund is engulfed in blazing flames.
Flame seeps out of Edmund.
Edmund completely misses you. The wight hits you with a +0 war axe!
You die...

### ################.#
#................#
#.##############.########### #.#
#............. #.# #..###########
#.# #..# ######.########### #..#
### ..........[....@@# #..# #.#
####....####.###z###..#########.#
#....# #.# #.#..............#
####....####.# #.#.#..#########.#
.............# #.#.#...# #.#
.............# #.#.##..# #.#
.............# #.#.....##### #.#
.............# #.##........####.#
.............###.##............<.


You could see Edmund (inner flame) and a wight.

Vanquished Creatures
  A water moccasin (D:5)
  A sky beast (D:6)
  An ogre (D:5)
  A phantom (D:5)
  A centaur (D:6)
  3 scorpions
  2 wights (D:6)
  A crimson imp (D:4)
  2 howler monkeys (D:5)
  2 hounds (D:5)
  A jelly (D:4)
  An orc priest (D:4)
  An iguana (D:4)
  Natasha (thrice) (D:4)
  Terence (D:2)
  7 gnolls
  7 adders
  2 worms (D:3)
  3 dart slugs
  7 orcs
  9 ball pythons
  7 bats
  6 endoplasms
  3 giant cockroaches
  4 goblins
  10 hobgoblins
  3 jackals (D:3)
  4 quokkas
  A frilled lizard (D:3)
  5 kobolds
  2 rats
102 creatures vanquished.

Vanquished Creatures (others)
  56 foxfires
56 creatures vanquished.

Grand Total: 158 creatures vanquished

Notes
Turn   | Place    | Note
-------+----------+-------------------------------------------
     0 | D:1      | jimonade the Djinni Fire Elementalist began the quest for
                  | the Orb.
     0 | D:1      | jimonade set off with the following spells memorised:
                  | Foxfire, Scorch, Conjure Flame, Inner Flame, Flame Wave.
     0 | D:1      | Reached XP level 1. HP: 15/15 MP: 0/0
   270 | D:1      | Reached XP level 2. HP: 21/22 MP: 0/0
  1123 | D:1      | Reached skill level 3 in Spellcasting
  1132 | D:1      | Reached XP level 3. HP: 26/26 MP: 0/0
  1132 | D:1      | Learned a level 1 spell: Shock
  1293 | D:2      | Found a sparkling altar of Nemelex Xobeh.
  1317 | D:2      | Noticed Terence
  2210 | D:2      | Killed Terence
  2211 | D:2      | Reached skill level 1 in Fighting
  2211 | D:2      | Reached XP level 4. HP: 21/32 MP: 0/0
  3281 | D:3      | Reached XP level 5. HP: 35/37 MP: 0/0
  3281 | D:3      | Learned a level 2 spell: Static Discharge
  3656 | D:4      | Reached skill level 4 in Spellcasting
  3662 | D:4      | Noticed Natasha
  3668 | D:4      | Reached XP level 6. HP: 21/43 MP: 0/0
  3669 | D:4      | Killed Natasha
  4045 | D:4      | Noticed Natasha
  4049 | D:4      | Killed Natasha
  4152 | D:4      | Noticed Natasha
  4158 | D:4      | Killed Natasha
  4166 | D:4      | Reached skill level 5 in Spellcasting
  4166 | D:4      | Reached XP level 7. HP: 28/49 MP: 0/0
  4166 | D:4      | Learned a level 3 spell: Stone Arrow
  4730 | D:4      | Found a burning altar of Makhleb.
  4730 | D:4      | Found a shimmering altar of Xom.
  4737 | D:4      | Became a worshipper of Makhleb the Destroyer
  4961 | D:4      | Found a staircase to the Ecumenical Temple.
  5056 | D:5      | Entered Level 5 of the Dungeon
  5562 | D:5      | Reached skill level 6 in Spellcasting
  5562 | D:5      | Reached XP level 8. HP: 50/56 MP: 0/0
  6279 | D:6      | Found Fiashrale's Assorted Antiques.
  6710 | D:6      | Noticed Edmund
  6716 | D:6      | Reached skill level 7 in Spellcasting
  7088 | D:5      | Slain by a wight

Illustrated notes

Levels and vault maps discovered:
D:1:      wander_arrival_lonely_grave, layout_basic
D:2:      layout_basic, basic_altar, chequers_serial_rivers_small_b,
          uniq_terence
D:3:      layout_loops_ring, grunt_decor_mini_mirrors
D:4:      layout_basic, grunt_temple_overflow_champion_of_chaos,
          minmay_temple_entry_poolview, chequers_mini_garden, uniq_natasha
D:5:      layout_basic, minivault_4
D:6:      layout_cave_pools, grunt_temple_overflow_diamond, serial_shops, shop,
          minmay_misc_feat_tower, nicolae_alphabet_shops,
          chequers_serial_rivers_small_a, uniq_edmund

Skill      XL: |  1  2  3  4  5  6  7  8 |
---------------+-------------------------+-----
Spellcasting   | 3 4 5 6 7 |  7.1
Fighting       | 1 2 3 4 |  4.2
Dodging        | 3 |  3.4
Stealth        | |  1.5

Action                   |  1- 3 |  4- 6 |  7- 9 || total
-------------------------+-------+-------+-------++-------
Melee: Short sword       |    17 |       |       ||    17
       Dagger            |    24 |    48 |       ||    72
 Cast: Foxfire           |    13 |    10 |     9 ||    32
       Scorch            |     9 |    24 |    20 ||    53
       Inner Flame       |     1 |     6 |    12 ||    19
       Shock             |       |     5 |       ||     5
       Stone Arrow       |       |       |    15 ||    15
       Flame Wave        |       |       |     2 ||     2
Armor: Robe              |    10 |    12 |       ||    22
Dodge: Dodged            |    34 |    39 |    14 ||    87

Table legend: (Time is in decaauts)
 A = Elapsed time spent in this place.
 B = Non-inter-level travel time spent in this place.
 C = Inter-level travel time spent in this place.
 D = Time resting spent in this place.
 E = Time spent auto-exploring this place.
 F = Levels seen in this place.
 G = Mean time per level.
                   A        B        C        D        E       F      G
               +--------+--------+--------+--------+--------+-----+--------+
         Total |   7097 |   6775 |    322 |   1560 |   4351 |   6 | 1182.8 |
       Dungeon |   7097 |   6775 |    322 |   1560 |   4351 |   6 | 1182.8 |
               +--------+--------+--------+--------+--------+-----+--------+

Top non-repeatable levels by time:
     D:5: 1846 daAuts
     D:1: 1715 daAuts
     D:3: 1283 daAuts
     D:4: 1189 daAuts
     D:2: 1013 daAuts
     D:6: 49 daAuts
